 Dungeon Crawl Stone Soup version 0.31-a0-263-ge8cad7f256 (webtiles) character file.

Game seed: 2725996747489702543

2591 qw the Skirmisher (level 9, 0/81 HPs)
             Began as a Minotaur Hexslinger on July 13, 2023.
             Was an Initiate of Okawaru.
             Slain by an orc priest
             ... wielding a +0 whip
              (4 damage)
             ... on level 7 of the Dungeon.
             The game lasted 00:02:30 (6059 turns).

qw the Skirmisher (Minotaur Hexslinger)             Turns: 6059, Time: 00:02:30

Health: 0/81       AC:  3    Str: 17    XL:     9   Next: 33%
Magic:  7/9        EV: 21    Int: 10    God:    Okawaru [......]
Gold:   299        SH:  0    Dex: 22    Spells: 9/10 levels left

rFire   + . .        Y - +0 shortbow
rCold   . . .        (shield currently unavailable)
rNeg    . . .        c - +1 robe of Past Mistakes {rF+ Str+3}
rPois   .            (helmet restricted)
rElec   .            (no cloak)
rCorr   .            (no gloves)
SInv    .            (no boots)
Will    +....        e - amulet of faith
Stlth   +++          i - +6 ring of dexterity
HPRegen 0.33/turn    j - ring of willpower
MPRegen 0.11/turn

%: faith
@: heroic
A: horns 2, retaliatory headbutt
a: Renounce Religion


You were on level 7 of the Dungeon.
You worshipped Okawaru.
Okawaru was noncommittal.
You visited 2 branches of the dungeon, and saw 8 of its levels.

You collected 347 gold pieces.
You spent 48 gold pieces at shops.


Innate Abilities, Weirdness & Mutations

You have a pair of horns on your head.
You reflexively headbutt those who attack you in melee.


   Skills:
 - Level 8.1(13.1) Fighting
 - Level 13.1(18.1) Ranged Weapons
 - Level 1.0(6.0) Armour
 + Level 6.9(11.9) Dodging
 - Level 1.0 Spellcasting
 - Level 2.0 Hexes
 + Level 0.0 Invocations


You had 9 spell levels left.
You knew the following spells:

 Your Spells              Type           Power      Damage    Failure   Level
a - Slow                  Hex            16%        N/A       16%         1

Your spell library contained the following spells:

 Spells                   Type           Power      Damage    Failure   Level
 Inner Flame              Hex/Fire       2%         N/A       56%         3
 Portal Projectile        Hex/Tloc       4%         N/A       56%         3
 Cause Fear               Hex            2%         N/A       83%         4

Inventory:

Hand Weapons
 Y - a +0 shortbow (weapon)
Armour
 a - a +0 ring mail of willpower
 c - the +1 robe of Past Mistakes (worn) {rF+ Str+3}
   (You found it on level 2 of the Dungeon)

   Str:       It affects your strength (+3).
   rF:        It protects you from fire.
Jewellery
 e - an amulet of faith (around neck)
 i - a +6 ring of dexterity (left hand)
 j - a ring of willpower (right hand)
 n - a ring of resist corrosion
Scrolls
 b - a scroll of enchant armour
 f - 2 scrolls of identify
Potions
 d - 4 potions of curing
 g - 2 potions of mutation
 l - a potion of enlightenment
 m - a potion of might {unknown}

Dungeon Overview and Level Annotations

Branches:
Dungeon (7/15)             Temple (1/1) D:7

Altars:
Ashenzari
Cheibriados
Elyvilon
Fedhas
Gozag
Kikubaaqudgha
Makhleb
Nemelex Xobeh
Okawaru
Qazlal
Ru
Sif Muna
Vehumet
Wu Jian
Xom
Yredelemnul
Zin
The Shining One

Shops:
D:2 ?   D:5 :   D:7 (


Message History

The orc priest shouts!
You shoot an arrow.
The arrow hits the orc warrior but does no damage.
The orc warrior barely misses you.
The orc priest mumbles some strange prayers to Beogh against you.
Beogh smites you!
You shoot an arrow.
The arrow closely misses the orc warrior.
The orc warrior closely misses you.
You shoot an arrow. The arrow hits the orc warrior.
The orc warrior is lightly wounded.
You shoot an arrow.
The arrow hits the orc warrior but does no damage.
The orc warrior is lightly wounded.
The orc warrior hits you from afar with a +0 glaive!
You shoot an arrow.
The arrow hits the orc warrior but does no damage.
The orc warrior is lightly wounded.
The orc warrior hits you from afar with a +0 glaive!
The orc priest calls down the wrath of Beogh upon you.
Beogh smites you!
You shoot an arrow.
The arrow closely misses the orc warrior.
The orc warrior hits you from afar with a +0 glaive!
The orc priest invokes the aid of Beogh against you.
You easily resist.
You shoot an arrow. The arrow hits the orc warrior.
The orc warrior is moderately wounded.
You shoot an arrow. The arrow hits the orc warrior!
The orc warrior is severely wounded.
The orc warrior closely misses you.
You shoot an arrow. The arrow hits the orc warrior!
You kill the orc warrior!
Okawaru accepts your kill.
You can now gain great but temporary skills.
6059 ||| INVOKING Heroism.
You gain the combat prowess of a mighty hero.
You can no longer gain great but temporary skills.
The orc priest hits you with a +0 whip.
You die...

#.###.......#
#...### ..#
##......# .#
#..## # .#.#
##.....# .# #..#
..... #.....# ..#
#..# ~~ ~~~
#.....###).. ####
.$. .h.
#.##....#)#
#..####..).####
...#####.......#
~.###....@o####..
ยค~. #.####.# #
.~ .# .# .. #. ..
..


You could see an orc priest.

Vanquished Creatures
  Sigmund (D:3)
  An ice beast (D:6)
  2 orc warriors (D:7)
  4 ogres
  2 sky beasts (D:7)
  A centaur (D:6)
  A kobold brigand (D:7)
  3 phantoms
  4 bullfrogs
  A gnoll sergeant (D:5)
  3 scorpions
  3 jellies
  4 hounds
  2 orc priests
  2 iguanas
  4 orc wizards
  A sleepcap (D:5)
  8 gnolls
  7 adders
  A shadow imp (D:6)
  3 worms
  20 orcs
  4 endoplasms
  4 giant cockroaches
  21 goblins
  6 hobgoblins
  4 quokkas
  7 ball pythons
  2 bats (D:1)
  4 frilled lizards
  11 kobolds
  9 rats
150 creatures vanquished.

Notes
Turn   | Place    | Note
-------+----------+-------------------------------------------
     0 | D:1      | qw the Minotaur Hexslinger began the quest for the Orb.
     0 | D:1      | Reached XP level 1. HP: 16/16 MP: 1/1
     0 | D:1      | 0 ||| qw: Version: 0.3-a-52-g30416fa
     0 | D:1      | 0 ||| qw: Game counter: 7109
     0 | D:1      | 0 ||| qw: Melee chars always use a shield: true
     0 | D:1      | 0 ||| qw: God list: Okawaru
     0 | D:1      | 0 ||| qw: Allow faded altars: false
     0 | D:1      | 0 ||| qw: Do Orc after clearing Dungeon:15 true
     0 | D:1      | 0 ||| qw: Do second Lair branch before Depths: true
     0 | D:1      | 0 ||| qw: Lair rune preference: random
     0 | D:1      | 0 ||| qw: Goals: Normal
     0 | D:1      | 0 ||| PLANNING D:1-11
    78 | D:1      | Reached skill level 3 in Ranged Weapons
    78 | D:1      | Reached XP level 2. HP: 23/23 MP: 2/2
   672 | D:1      | 672 ||| UPGRADING to +0 ring mail.
   682 | D:1      | 682 ||| DROPPING +0 robe.
   683 | D:1      | 683 ||| UPGRADING to +6 ring of dexterity.
   684 | D:1      | 684 ||| DROPPING ring of magical power.
   685 | D:1      | 685 ||| READING scroll labelled NUR XUOBRYX.
   686 | D:1      | 686 ||| READING 2 scrolls labelled ZOXI JEFFAX.
   687 | D:1      | 687 ||| READING scroll labelled QYHESH DAINU.
   688 | D:1      | 688 ||| DRINKING 4 lumpy golden potions.
   689 | D:1      | 689 ||| DROPPING scroll of poison.
   690 | D:1      | 690 ||| DROPPING 3 potions of degeneration.
   732 | D:2      | Reached XP level 3. HP: 29/29 MP: 3/3
   893 | D:2      | Reached skill level 4 in Ranged Weapons
   930 | D:2      | Reached skill level 1 in Armour
   961 | D:2      | Found Roice's Magic Scroll Emporium.
   971 | D:2      | 971 ||| BUYING scroll of identify (24 gold).
   971 | D:2      | Bought a scroll of identify for 24 gold pieces
   971 | D:2      | 971 ||| BUYING scroll of identify (24 gold).
   971 | D:2      | Bought a scroll of identify for 24 gold pieces
   971 | D:2      | 971 ||| SHOPLISTING scroll of identify (24 gold, have 1).
   971 | D:2      | 971 ||| SHOPLISTING scroll of teleportation (36 gold, have
                  | 1).
  1026 | D:2      | Identified the +1 robe of Past Mistakes {rF+ Str+3}
  1181 | D:2      | Found a broken altar of Ashenzari.
  1216 | D:2      | Reached XP level 4. HP: 36/36 MP: 4/4
  1460 | D:2      | 1460 ||| UPGRADING to +1 robe of Past Mistakes {rF+ Str+3}.
  1470 | D:2      | 1470 ||| UPGRADING to ring of willpower.
  1471 | D:2      | 1471 ||| READING scroll labelled VUROEQ UDAS.
  1474 | D:2      | 1474 ||| READING scroll labelled INOIMA FAPHOPN.
  1475 | D:2      | 1475 ||| READING 3 scrolls of identify.
  1475 | D:2      | 1475 ||| IDENTIFYING sapphire potion
  1476 | D:2      | 1476 ||| DRINKING potion of experience.
  1476 | D:2      | Reached skill level 13 in Ranged Weapons
  1476 | D:2      | Reached XP level 5. HP: 41/41 MP: 5/5
  1477 | D:2      | 1477 ||| READING 2 scrolls of identify.
  1477 | D:2      | 1477 ||| IDENTIFYING fizzy coppery potion
  1552 | D:3      | Found a blossoming altar of Fedhas.
  1641 | D:3      | Found a faded altar of an unknown god.
  1736 | D:3      | Identified the +7 mace of Uncertain Death {venom, MP+9
                  | Str-2 SInv Stlth+}
  1766 | D:3      | Noticed Sigmund
  1778 | D:3      | Killed Sigmund
  1779 | D:3      | Reached skill level 3 in Fighting
  1779 | D:3      | Reached XP level 6. HP: 40/52 MP: 6/6
  2054 | D:3      | 2054 ||| DROPPING +0 ring mail.
  2055 | D:3      | 2055 ||| UPGRADING to amulet of faith.
  2243 | D:4      | Reached skill level 3 in Dodging
  2412 | D:4      | Reached XP level 7. HP: 60/60 MP: 7/7
  3244 | D:4      | 3244 ||| READING scroll labelled VUVACVICUZ.
  3245 | D:4      | 3245 ||| READING scroll labelled ZIAGHO CYRUN.
  3246 | D:4      | 3246 ||| DRINKING 2 bubbling emerald potions.
  3247 | D:4      | 3247 ||| READING 2 scrolls of identify.
  3247 | D:4      | 3247 ||| IDENTIFYING lumpy black potion
  3298 | D:5      | Entered Level 5 of the Dungeon
  3409 | D:5      | Found Sigh's Tiny Tomes.
  3704 | D:5      | Reached skill level 6 in Fighting
  3704 | D:5      | Reached XP level 8. HP: 70/70 MP: 8/8
  3766 | D:5      | 3766 ||| Stepping ~*~*~tactically~*~*~ (outnumbered).
  4171 | D:5      | 4171 ||| READING scroll labelled GOTUWU MOTUSS.
  4205 | D:5      | 4205 ||| FLEEEEING.
  4304 | D:6      | 4304 ||| STAIRDANCE
  4442 | D:6      | 4442 ||| STAIRDANCE
  4671 | D:6      | Found a glowing golden altar of the Shining One.
  4805 | D:6      | Reached skill level 6 in Dodging
  4902 | D:6      | 4902 ||| SWAPPING to +0 shortbow.
  4903 | D:6      | 4903 ||| DROPPING +1 sling.
  5046 | D:6      | HP: 11/73 [ogre/+0 giant spiked club (8)]
  5047 | D:6      | 5047 ||| READING scroll of teleportation.
  5048 | D:6      | 5048 ||| DRINKING potion of heal wounds.
  5050 | D:6      | Reached XP level 9. HP: 12/79 MP: 9/9
  5364 | D:6      | 5364 ||| READING scroll labelled MAOXEA YK EHE.
  5365 | D:6      | 5365 ||| DRINKING 2 bubbling yellow potions.
  5390 | D:7      | Found a staircase to the Ecumenical Temple.
  5391 | D:7      | 5391 ||| PLANNING TEMPLE
  5402 | Temple   | Entered the Ecumenical Temple
  5408 | Temple   | 5408 ||| PLANNING OKAWARU WORSHIP
  5578 | Temple   | Became a worshipper of Warmaster Okawaru
  5579 | Temple   | 5579 ||| PLANNING D:1-11
  5613 | D:7      | Found Zorrixke's Weapon Boutique.
  5668 | D:7      | 5668 ||| Stepping ~*~*~tactically~*~*~ (outnumbered).
  5681 | D:7      | HP: 17/81 [orc warrior/+2 mace of protection (10)]
  5692 | D:7      | HP: 18/81 [sky beast (1)]
  5693 | D:7      | HP: 8/81 [sky beast (5)]
  5983 | D:7      | Found a burning altar of Makhleb.
  6054 | D:7      | HP: 18/81 [orc priest/divine providence (14)]
  6055 | D:7      | HP: 3/81 [orc warrior/+0 glaive (15)]
  6058 | D:7      | Reached * piety under Okawaru
  6059 | D:7      | 6059 ||| INVOKING Heroism.
  6059 | D:7      | Slain by an orc priest

Levels and vault maps discovered:
D:1:      lightli_arrival_windingriver, layout_basic, serial_bayou_lagoon_a,
          minmay_pentomino_x4
D:2:      layout_basic, serial_shops, shop, basic_altar
D:3:      layout_basic, lemuel_coloured_pillars_altar,
          ebering_ecumenical_altar_rust, uniq_sigmund
D:4:      layout_gridville
D:5:      layout_basic, hangedman_abyss_or_decor_lesser_grid,
          nicolae_shop_i_like_small_books_too, minmay_misc_feat_pillars
D:6:      layout_cave_pools, nicolae_tso_carved_into_rock, minmay_ogre_servants
D:7:      layout_rooms, mainiacjoe_overflow_concentric_impassable,
          bloody_makhleb, minmay_temple_entry_purple_smoke, serial_shops,
          nicolae_shop_stone, uniq_menkaure
Temple:   nicolae_temple_bog_church

Skill      XL: |  1  2  3  4  5  6  7  8  9 |
---------------+----------------------------+-----
Ranged Weapons | 3 4 13 | 13.1
Fighting       | 2 3 4 6 7 8 |  8.1
Armour         | 1 |  1.0
Dodging        | 3 4 6 |  6.9
Spellcasting   | |  1.0
Hexes          | |  2.0

Action                     |  1- 3 |  4- 6 |  7- 9 || total
---------------------------+-------+-------+-------++-------
   Fire: Sling             |   117 |   109 |   258 ||   484
         Shortbow          |       |       |   109 ||   109
 Invoke: Heroism           |       |       |     1 ||     1
    Use: Scroll            |     3 |     4 |     6 ||    13
         Potion            |     1 |     1 |     3 ||     5
 Armour: Robe              |     3 |     3 |    12 ||    18
         Ring mail         |     3 |     1 |       ||     4
  Dodge: Dodged            |    24 |    20 |    88 ||   132

Table legend:
 A = Non-vault XP
 B = Vault XP
 C = Vault XP percentage of total XP
 D = Non-vault monster count
 E = Vault monster count
 F = Vault count percentage of total count
                 A         B        C        D         E       F
            +---------+---------+-------+---------+---------+-------
      Total |    3208 |     390 |  10.8 |     136 |      14 |   9.3
            +---------+---------+-------+---------+---------+-------
        D:1 |      34 |       6 |  15.0 |      23 |       4 |  14.8
        D:2 |      63 |       0 |   0.0 |      19 |       0 |   0.0
        D:3 |      38 |     243 |  86.5 |      16 |       1 |   5.9
        D:4 |     664 |       0 |   0.0 |      25 |       0 |   0.0
        D:5 |     785 |       0 |   0.0 |      23 |       0 |   0.0
        D:6 |     791 |     141 |  15.1 |      13 |       9 |  40.9
        D:7 |     833 |       0 |   0.0 |      17 |       0 |   0.0
            +---------+---------+-------+---------+---------+-------
